 Dungeon Crawl Stone Soup version 0.28.0 (webtiles) character file.

Game seed: 5044648685584993572

2713 Norrock the Summoner (level 9, -2/56 (57) HPs)
             Began as a Merfolk Summoner on Feb 4, 2022.
             Was a Believer of Fedhas.
             Slain by a +4 falchion of chaos (5 damage)
             ... on level 6 of the Dungeon.
             The game lasted 01:11:13 (9297 turns).

Norrock the Summoner (Merfolk Summoner)             Turns: 9297, Time: 01:11:14

HP:   -2/56 (57)    AC:  5    Str:  8    XL:     9   Next: 66%
MP:   13/13         EV: 17    Int: 18    God:    Fedhas [**....]
Gold: 308           SH:  0    Dex: 15    Spells: 4/14 levels left

rFire   . . .      SeeInvis .   e - +7 rapier of Radicalism {holy, rPois rC++}
rCold   + + .      Faith    .   (no shield)
rNeg    . . .      Spirit   .   b - +0 leather armour
rPois   +          Reflect  .   (no helmet)
rElec   .          Harm     .   p - +0 cloak
rCorr   .          Rampage  .   (no gloves)
Will    .....                   n - +0 pair of boots
Stlth   ++........              (no amulet)
HPRegen 0.18/turn               d - +4 ring of evasion
MPRegen 0.13/turn               j - +4 ring of slaying

@: lethally poisoned (-2 -> -6), hasted, lightly drained, very quick
A: (nimble swimmer 2), mertail
a: Renounce Religion, Wall of Briars


You were on level 6 of the Dungeon.
You worshipped Fedhas.
Fedhas was pleased with you.
You visited 1 branch of the dungeon, and saw 6 of its levels.

You collected 308 gold pieces.

Inventory:

Hand Weapons
 e - the +7 rapier of Radicalism (weapon) {holy, rPois rC++}
   (You found it on level 5 of the Dungeon)

   It has been blessed by the Shining One to cause great damage to the undead
   and demons.
   rC:        It greatly protects you from cold.
   rPois:     It protects you from poison.
 m - a +1 dagger of venom
Missiles
 k - a curare-tipped dart
 q - 5 atropa-tipped darts
Armour
 b - a +0 leather armour (worn)
 n - a +0 pair of boots (worn)
 p - a +0 cloak (worn)
Jewellery
 d - a +4 ring of evasion (left hand)
 j - a +4 ring of slaying (right hand)
 l - a +4 ring of protection
 t - a ring of protection from cold
 w - a +4 ring of evasion
Wands
 o - a wand of iceblast (3)
 u - a wand of digging (6)
Scrolls
 h - a scroll of silence {unknown}
 i - 3 scrolls of enchant weapon
 r - 2 scrolls of identify
Potions
 a - a potion of might
 c - a potion of brilliance
 s - a potion of degeneration {unknown}
 v - a potion of magic {unknown}


   Skills:
 + Level 5.8 Short Blades
 + Level 4.0 Dodging
 - Level 2.1 Stealth
 - Level 3.0 Spellcasting
 - Level 11.0 Summonings
 + Level 4.0 Air Magic


You had 4 spell levels left.
You knew the following spells:

 Your Spells              Type           Power      Damage    Failure   Level
a - Summon Small Mammal   Summ           100%       N/A       1%          1
b - Call Canine Familiar  Summ           42%        N/A       1%          3
c - Call Imp              Summ           42%        N/A       1%          2
d - Summon Lightning Spi  Summ/Air       29%        N/A       11%         4

Your spell library contained the following spells:

 Spells                   Type           Power      Damage    Failure   Level
 Summon Guardian Golem    Hex/Summ       22%        N/A       8%          3
 Corpse Rot               Necr/Air       20%        N/A       16%         2
 Static Discharge         Conj/Air       10%        N/A       16%         2
 Slow                     Hex            8%         N/A       24%         1
 Confusing Touch          Hex            2%         N/A       56%         3
 Vampiric Draining        Necr           2%         2d6       56%         3
 Animate Dead             Necr           1%         N/A       93%         4
 Dispel Undead            Necr           2%         3d7       93%         4
 Lightning Bolt           Conj/Air       5%         1d17      96%         5
 Borgnjor's Vile Clutch   Necr/Erth      1%         N/A       100%        5
 Death Channel            Necr           1%         N/A       100%        6
 Maxwell's Capacitive Co  Air            8%         ∞         100%        8


Dungeon Overview and Level Annotations

Branches:
Dungeon (6/15)             Temple (0/1) D:4

Altars:
Fedhas
Ru
Vehumet
Xom

Shops:
D:3 (

Annotations:
D:4 2 transporters, pkoi's ghost, novice DrCj


Innate Abilities, Weirdness & Mutations

((You are very nimble when in or above water. (Stealth+, EV+, Speed+++)))
Your lower body shifts to a powerful aquatic tail in water.


Message History

Your hound barely misses the +4 falchion of chaos.
The +4 falchion of chaos hits you.
You feel yourself speed up.
Your hound barely misses the +4 falchion of chaos.
Your hound closely misses the +4 falchion of chaos.
Your hound closely misses the +4 falchion of chaos.
Press: ? - help, v - describe, . - travel The floor.
The +4 falchion of chaos hits you.
You are confused.
You bump into the rock wall.
Your hound bites the +4 falchion of chaos but does no damage.
The +4 falchion of chaos hits you!
You are poisoned.
Your magical effects are unravelling.
You feel magically purged.
You feel yourself slow down.
You feel less confused.
You feel very sick.
Your hound misses the +4 falchion of chaos.
The +4 falchion of chaos completely misses you.
You feel very sick.
Your hound closely misses the +4 falchion of chaos.
You feel very sick. The +4 falchion of chaos hits you!
The +4 falchion of chaos burns you.
* * * LOW HITPOINT WARNING * * *
You feel sick. The +4 falchion of chaos hits you.
* * * LOW HITPOINT WARNING * * *
You feel drained.
* * * LOW HITPOINT WARNING * * *
Your hound bites the +4 falchion of chaos.
It was a potion of haste.
You feel yourself speed up.
* * * LOW HITPOINT WARNING * * *
You feel sick.
The +4 falchion of chaos hits you but does no damage.
Your hound misses the +4 falchion of chaos.
* * * LOW HITPOINT WARNING * * *
You feel sick.
* * * LOW HITPOINT WARNING * * *
You feel sick. The +4 falchion of chaos hits you.
You die...
Fedhas appreciates your contribution to the ecosystem.

###.####.# ###>##.#
#...# #.# #...##.#
#.#.# #.# #.####.#
#.#.# #.# #.# #.#
#.#.# #.# #.# #.#
#.#.# #.###.####.#
##.#.# #..........#
#..#.# ###.(h.#####
#.#########@##.#
#.....#.....##.#
#####.#.######.#
#####...#...# #.#
#...#.#####.# #.#
####.###.......# #.#
#......#.#####.####.#
#.##.###...#...#....#
#.##...###.#.###.####


You could see a +4 falchion of chaos (ally target) and a friendly hound
(summoned).

Vanquished Creatures
  The ghost of cayde69 the Spear-Bearer, a novice DgFi (D:6)
  A centaur zombie (D:5)
  A sky beast (D:5)
  A centaur (D:6)
  6 scorpions
  A water moccasin zombie (D:6)
  A bullfrog skeleton (D:6)
  6 hounds
  2 iguanas
  An orc wizard (D:6)
  A hound skeleton (D:5)
  3 adders
  A gnoll (D:5)
  2 shadow imps
  An ufetubus (D:5)
  2 worms
  2 dart slugs
  10 orcs
  6 endoplasms
  A giant cockroach (D:3)
  4 goblins
  5 hobgoblins
  6 kobolds
  4 quokkas
  9 ball pythons
  5 bats
  2 frilled lizards (D:1)
  5 rats
90 creatures vanquished.

Vanquished Creatures (collateral kills)
  Sigmund (D:6)
  Duvessa (D:5)
  An orc warrior (D:6)
  An ogre (D:5)
  A necrophage (D:5)
  A phantom (D:5)
  A kobold brigand (D:6)
  Dowan (D:5)
  A bullfrog zombie (D:5)
  2 hounds (D:4)
  Crazy Yiuf (D:3)
  An iguana (D:6)
  A gnoll (D:5)
  2 adders
  A howler monkey skeleton (D:6)
  4 worms (D:2)
  5 orcs
  An endoplasm (D:4)
  4 goblins
  A hobgoblin (D:1)
  3 ball pythons
  2 bats
  A frilled lizard (D:1)
38 creatures vanquished.

Grand Total: 128 creatures vanquished

Notes
Turn   | Place    | Note
-------+----------+-------------------------------------------
     0 | D:1      | Norrock the Merfolk Summoner began the quest for the Orb.
     0 | D:1      | Reached XP level 1. HP: 13/13 MP: 3/3
   228 | D:1      | Found a faded altar of an unknown god.
   411 | D:1      | Reached XP level 2. HP: 11/19 MP: 5/5
  1195 | D:1      | Reached XP level 3. HP: 20/24 MP: 6/6
  1268 | D:1      | Learned a level 3 spell: Call Canine Familiar
  1338 | D:1      | Reached skill level 5 in Summonings
  1342 | D:1      | Learned a level 2 spell: Call Imp
  2024 | D:2      | Found a blossoming altar of Fedhas.
  2031 | D:2      | Became a worshipper of Fedhas Madash
  2583 | D:2      | Reached XP level 4. HP: 19/30 MP: 4/7
  3008 | D:3      | Found Baor Umeu's Weapon Boutique.
  3907 | D:3      | Found a runed translucent door.
  3908 | D:3      | Noticed Crazy Yiuf
  3924 | D:3      | Killed Crazy Yiuf
  3925 | D:3      | Reached skill level 6 in Summonings
  3925 | D:3      | Reached XP level 5. HP: 35/35 MP: 1/8
  4203 | D:4      | Reached * piety under Fedhas
  4421 | D:4      | Reached skill level 7 in Summonings
  4421 | D:4      | Reached XP level 6. HP: 34/41 MP: 5/9
  4474 | D:4      | Found a transporter.
  4475 | D:4      | Noticed pkoi's ghost (novice DrCj)
  4480 | D:4      | Identified the +9 great mace of Virtue {spect, Stlth+}
  4511 | D:4      | Found a staircase to the Ecumenical Temple.
  5454 | D:4      | Found a transporter.
  5483 | D:5      | Entered Level 5 of the Dungeon
  5805 | D:5      | Noticed a necrophage
  5820 | D:5      | Killed a necrophage
  5821 | D:5      | Reached XP level 7. HP: 46/46 MP: 1/11
  6003 | D:5      | Reached skill level 8 in Summonings
  6328 | D:5      | Found a sacrificial altar of Ru.
  6406 | D:5      | HP: 2/46 [something (6)]
  6509 | D:5      | Reached skill level 9 in Summonings
  6815 | D:5      | Learned a level 4 spell: Summon Lightning Spire
  6846 | D:5      | Identified the +7 rapier of Radicalism {holy, rPois rC++}
  6911 | D:5      | Found a radiant altar of Vehumet.
  6911 | D:5      | Noticed Duvessa
  6913 | D:5      | Noticed Dowan
  6986 | D:5      | Killed Duvessa
  6987 | D:5      | Reached skill level 1 in Short Blades
  6987 | D:5      | Reached XP level 8. HP: 49/52 MP: 8/12
  6993 | D:5      | Killed Dowan
  6994 | D:5      | Reached skill level 1 in Air Magic
  7478 | D:5      | Reached skill level 10 in Summonings
  7782 | D:6      | Reached ** piety under Fedhas
  7871 | D:6      | Reached XP level 9. HP: 32/57 MP: 1/13
  8279 | D:6      | Noticed Sigmund
  8287 | D:6      | Killed Sigmund
  8832 | D:6      | Found the +7 Singing Sword {vorpal, sonic wave}
  8880 | D:6      | Reached skill level 11 in Summonings
  8882 | D:6      | Reached skill level 5 in Short Blades
  8985 | D:6      | Found a runed translucent door.
  9054 | D:6      | Found a shimmering altar of Xom.
  9054 | D:6      | Noticed a +4 falchion of chaos
  9054 | D:6      | Noticed cayde69's ghost (novice DgFi)
  9272 | D:6      | Killed cayde69's ghost
  9297 | D:6      | Slain by a +4 falchion of chaos

Illustrated notes

Levels and vault maps discovered:
D:1:      tarquinn_simple_flora_water_e, layout_basic,
          shapermc_ecumenical_altar_mp_urbaneastern, minmay_crystal_room
D:2:      layout_loops_cross, basic_altar
D:3:      layout_basic, serial_shops, shop, uniq_crazy_yiuf_cottage
D:4:      layout_basic, minmay_temple_entry_nine_rooms, gammafunk_ghost_smash,
          item_on_display_a
D:5:      layout_loops_corners, nicolae_vehumet_radiance, old_standard_altar,
          wad_floor_pattern_untrapped, nicolae_underground_beach, uniq_duvessa
D:6:      old_forge, layout_loops_ring, ebering_ghost_xom,
          minmay_misc_feat_ornament, minmay_fractal_squares_diagonal_5,
          uniq_sigmund

Skill      XL: |  1  2  3  4  5  6  7  8  9 |
---------------+----------------------------+-----
Summonings     | 5 6 7 9 10 11 | 11.0
Spellcasting   | 3 |  3.0
Short Blades   | 1 4 5 |  5.8
Air Magic      | 2 4 |  4.0
Dodging        | 4 |  4.0
Stealth        | |  2.1

Action                   |  1- 3 |  4- 6 |  7- 9 || total
-------------------------+-------+-------+-------++-------
Melee: Flail             |    99 |    50 |       ||   149
       Unarmed           |     3 |       |       ||     3
       Punch             |     1 |     1 |     2 ||     4
       Dagger            |       |    85 |    42 ||   127
       Rapier            |       |       |    87 ||    87
 Cast: Summon Small Mamm |    13 |     6 |     2 ||    21
       Call Imp          |    11 |    14 |     7 ||    32
       Call Canine Famil |       |     8 |    22 ||    30
Evoke: Wand              |       |       |     3 ||     3
  Use: Potion            |       |     4 |     2 ||     6
       Scroll            |       |     3 |     3 ||     6
 Stab: Sleeping          |     4 |     6 |     6 ||    16
       Distracted        |       |     2 |       ||     2
Armor: Robe              |    15 |    27 |       ||    42
       Leather armour    |       |     3 |    21 ||    24
Dodge: Dodged            |    71 |   113 |    84 ||   268
